Map: [TLMC15] Berlingrad

Players

LiquidClem (Clem) - Winner!

  • Race: Terran Terran

Classic

  • Race: Protoss Protoss

Event: StayAtHome Story Cup #4

VOD

Have the link to the VOD?

Description

Time

  • Played on: Oct. 22, 2021, 11:49 a.m.
  • Length: 12:24

All games in this series

Show
View Real Time Build Order
Export as new Build Order

LiquidClem Terran - Winner!

Build Orders:  

Get SALT Encoding   

  12  0:00  SCV  
  13  0:12  SCV  
  14  0:17  Supply Depot  
  14  0:24  SCV  
  15  0:38  SCV  
  15  0:39  Barracks  
  16  0:45  Refinery  
  16  0:50  SCV  
  17  1:00  Engineering Bay  
  17  1:03  SCV  
  18  1:15  SCV  
  19  1:27  Marine, Orbital Command  
  19  1:32  Supply Depot  
  20  1:46  Factory  
  20  1:52  Marine  
  21  1:54  SCV  
  22  2:06  SCV  
  23  2:10  Bunker  
  23  2:13  Barracks Reactor  
  23  2:18  SCV  
  24  2:34  Command Center  
  24  2:35  SCV  
  25  2:45  Supply Depot  
  25  2:52  Hellion x2  
  25  2:53  SCV  
  30  2:58  Barracks Tech Lab  
  30  3:05  SCV  
  31  3:06  Refinery  
  31  3:13  Hellion  
  31  3:14  Hellion  
  31  3:15  Starport  
  31  3:18  SCV  
  36  3:28  Supply Depot  
  36  3:30  SCV  
  37  3:42  SCV, Marine  
  37  3:46  Marine, Cyclone  
  43  3:49  Orbital Command  
  43  3:55  SCV  
  44  3:58  Viking  
  46  4:07  SCV  
  46  4:10  Marine x2  
  46  4:15  SCV  
  39  4:19  SCV, Cyclone  
  43  4:28  SCV, Marine x2  
  48  4:33  SCV  
  48  4:34  Barracks  
  47  4:40  SCV  
  47  4:44  Barracks  
  48  4:46  Marine x2  
  48  4:47  Viking  
  48  4:49  SCV  
  48  4:52  SCV  
  54  4:55  Siege Tank  
  57  5:00  Supply Depot  
  57  5:01  SCV  
  57  5:04  SCV  
  59  5:08  Marine x2  
  59  5:13  SCV  
  59  5:14  Supply Depot, Refinery  
  62  5:19  Engineering Bay  
  62  5:21  SCV  
  62  5:23  Starport Reactor  
  62  5:25  SCV, Barracks Tech Lab  
  62  5:28  Marine x2  
  64  5:33  SCV, Refinery  
  67  5:36  Supply Depot, Factory Reactor  
  67  5:37  Marine, Stimpack  
  67  5:38  SCV  
  69  5:43  Combat Shield  
  69  5:45  SCV, Marauder  
  69  5:48  Marine x2  
  74  5:50  SCV  
  74  5:55  Supply Depot  
  75  5:57  Terran Infantry Weapons Level 1  
  75  5:58  Marauder  
  75  6:00  SCV  
  75  6:02  SCV  
  78  6:07  Marine x2  
  78  6:09  Marauder  
  82  6:11  Supply Depot  
  82  6:13  Widow Mine x2  
  82  6:16  Medivac  
  88  6:19  Supply Depot  
  88  6:22  Medivac  
  90  6:25  Marine  
  90  6:26  Marine  
  90  6:27  Marauder  
  94  6:33  Marauder  
  94  6:36  Widow Mine x2  
  100  6:43  Supply Depot, Marine  
  100  6:45  Supply Depot  
  101  6:48  Marauder  
  101  6:52  Medivac  
  101  6:53  Marine  
  106  6:54  Marauder  
  106  6:55  Supply Depot, Medivac  
  110  7:04  Marine  
  110  7:05  Widow Mine x2  
  110  7:06  Supply Depot  
  115  7:09  Concussive Shells  
  115  7:11  Marauder  
  116  7:16  Marine  
  116  7:19  Command Center  
  117  7:25  Marine  
  117  7:26  Marauder  
  119  7:32  Marauder  
  119  7:36  Widow Mine  
  119  7:37  Widow Mine, Marine  
  124  7:44  Barracks  
  124  7:45  Barracks  
  124  7:47  Marine  
  125  7:51  Terran Infantry Armor Level 1  
  125  7:56  Medivac x2  
  125  7:58  Widow Mine  
  113  8:00  Marine, Marauder  
  113  8:01  SCV  
  111  8:05  Marine  
  111  8:07  Marauder  
  111  8:16  Widow Mine  
  111  8:17  SCV x2, Marine  
  116  8:22  Marauder  
  116  8:23  Marine  
  116  8:26  Widow Mine  
  117  8:30  Medivac  
  117  8:31  SCV, Medivac  
  117  8:32  SCV  
  111  8:35  Marine  
  111  8:37  Barracks Reactor, Barracks Tech Lab  
  111  8:39  SCV  
  106  8:43  Marauder  
  106  8:44  SCV, Marine x2  
  106  8:46  Widow Mine  
  107  8:53  SCV  
  107  8:55  Marine  
  101  8:56  SCV  
  101  8:57  Widow Mine  
  101  9:02  Marauder x2  
  101  9:05  Marauder, Orbital Command  
  103  9:10  Marine  
  103  9:13  Widow Mine  
  103  9:14  Marine x2  
  103  9:15  Marine  
  109  9:18  Medivac  
  109  9:21  Medivac  
  109  9:22  SCV x2  
  109  9:23  Marauder  
  117  9:27  Widow Mine, Marauder x2  
  123  9:32  Armory  
  123  9:34  Engineering Bay  
  123  9:35  Refinery  
  123  9:38  Ghost Academy  
  123  9:42  Widow Mine, Marine x3  
  123  9:43  Marine  
  123  9:45  Marauder  
  131  9:48  Widow Mine, Missile Turret  
  131  9:50  Missile Turret  
  131  9:51  Marauder  
  134  9:54  Missile Turret  
  134  9:55  SCV x2  
  134  9:56  SCV  
  137  10:00  Supply Depot  
  137  10:03  Widow Mine  
  139  10:07  Command Center  
  139  10:09  Widow Mine, Marine x4  
  139  10:12  Marauder  
  139  10:14  Ghost  
  147  10:16  Ghost  
  147  10:20  Refinery  
  150  10:26  Widow Mine  
  151  10:32  Marine x4  
  151  10:33  Ghost  
  157  10:36  Widow Mine, Supply Depot  
  157  10:39  Viking  
  163  10:50  Widow Mine, Marauder  
  163  10:52  Supply Depot x2  
  165  10:58  Marauder  
  165  11:00  Marine x4  
  165  11:03  SCV x2  
  173  11:12  SCV  
  173  11:15  SCV x2  
  173  11:16  Ghost  
  177  11:25  Ghost  
  179  11:27  Widow Mine x2  
  179  11:28  Marine x3  
  179  11:30  SCV  
  187  11:34  Marine  
  188  11:43  Ghost  
  190  11:48  Ghost  
  190  11:50  Widow Mine  
  190  11:51  Widow Mine, Viking  
  190  11:52  Viking  
  198  11:58  SCV  
  198  11:59  SCV  
  190  12:01  SCV  
  185  12:10  SCV  
  185  12:11  SCV  
Show
View Real Time Build Order
Export as new Build Order

Classic Protoss 

Build Orders: 1 Gate Expand, Oracle Opening, Phoenix Opening 

Get SALT Encoding   

  12  0:00  Probe  
  13  0:12  Probe  
  14  0:18  Pylon  
  14  0:24  Probe  
  15  0:36  Probe (Chrono Boost)  
  15  0:37  Gateway  
  16  0:45  Probe (Chrono Boost)  
  16  0:46  Assimilator  
  17  0:51  Probe (Chrono Boost)  
  18  1:03  Probe  
  19  1:15  Probe  
  20  1:26  Cybernetics Core  
  20  1:32  Nexus  
  20  1:39  Pylon  
  20  1:42  Probe  
  21  1:47  Assimilator  
  21  1:54  Probe (Chrono Boost)  
  21  2:02  Adept  
  21  2:06  Probe (Chrono Boost)  
  24  2:14  Probe (Chrono Boost)  
  25  2:20  Stargate, Probe  
  26  2:31  Stalker (Chrono Boost)  
  26  2:32  Probe  
  28  2:37  Warp Gate  
  28  2:44  Probe  
  28  2:47  Shield Battery, Probe  
  30  2:56  Stalker (Chrono Boost)  
  32  3:03  Probe x2  
  34  3:12  Oracle (Chrono Boost), Shield Battery  
  34  3:19  Probe  
  38  3:23  Adept (Chrono Boost)  
  40  3:28  Probe  
  40  3:31  Probe  
  42  3:35  Pylon  
  40  3:44  Probe x2  
  41  3:51  Phoenix (Chrono Boost)  
  41  4:03  Probe x2  
  43  4:17  Probe x2  
  43  4:21  Phoenix  
  43  4:22  Gateway x2  
  47  4:25  Stalker, Pylon  
  47  4:30  Probe x2  
  51  4:37  Pylon  
  51  4:45  Probe x2, Phoenix (Chrono Boost)  
  53  4:47  Assimilator  
  53  4:50  Stalker  
  57  4:57  Probe x2  
  57  4:58  Pylon  
  59  5:02  Phoenix  
  61  5:09  Probe x2  
  63  5:19  Stalker x2  
  63  5:20  Stalker  
  69  5:27  Pylon  
  69  5:38  Nexus  
  69  5:46  Twilight Council  
  69  5:48  Forge  
  69  5:49  Probe  
  71  5:50  Probe  
  71  5:55  Phoenix  
  52  6:04  Charge  
  73  6:06  Probe  
  73  6:07  Probe  
  75  6:15  Protoss Ground Armor Level 1 (Chrono Boost)  
  75  6:18  Probe  
  75  6:19  Probe  
  75  6:25  Gateway  
  77  6:27  Gateway  
  77  6:30  Gateway  
  77  6:31  Probe x2  
  79  6:39  Sentry  
  81  6:43  Pylon, Gateway x2  
  81  6:44  Phoenix  
  83  6:55  Zealot x2  
  83  6:56  Probe x3  
  83  7:01  Pylon  
  90  7:04  Robotics Facility  
  90  7:09  Zealot  
  90  7:11  Phoenix  
  94  7:20  Zealot x3  
  94  7:21  Zealot  
  98  7:32  Zealot x2  
  98  7:36  Phoenix  
  104  7:37  Zealot x2  
  104  7:42  Zealot x4  
  116  7:47  Pylon x2  
  91  8:01  Phoenix  
  91  8:03  Zealot  
  91  8:04  Zealot x5  
  97  8:11  Zealot x2  
  88  8:24  Zealot x3  
  88  8:25  Zealot  
  89  8:34  Zealot x3  
  75  8:41  Zealot  
  75  8:47  Protoss Ground Armor Level 2 (Chrono Boost)  
  65  8:50  Zealot x4  
  73  8:58  Probe x3  
  70  9:04  Observer (Chrono Boost)  
  70  9:06  Zealot  
  70  9:07  Zealot x2  
  77  9:11  Probe x3  
  77  9:14  Zealot  
  82  9:22  Phoenix (Chrono Boost)  
  82  9:24  Zealot  
  82  9:25  Zealot  
  86  9:31  Zealot x2  
  86  9:38  Probe x3  
  93  9:41  Phoenix (Chrono Boost)  
  95  9:47  Warp Prism (Chrono Boost)  
  97  9:54  Probe  
  98  10:03  Phoenix (Chrono Boost)  
  100  10:07  Robotics Bay  
  100  10:13  Probe x3  
  103  10:17  Assimilator x2  
  103  10:18  Pylon  
  103  10:20  Assimilator, Phoenix  
  103  10:23  Pylon  
  105  10:29  Sentry, Zealot x4  
  105  10:33  Probe x2  
  117  10:36  Probe  
  117  10:41  Shield Battery  
  118  10:47  Probe  
  118  10:48  Probe x2  
  121  10:52  Pylon, Disruptor (Chrono Boost)  
  124  10:59  Probe  
  124  11:00  Probe x2  
  127  11:07  Shield Battery  
  127  11:13  Zealot x5  
  127  11:14  Zealot  
  127  11:17  Disruptor (Chrono Boost)  
  121  11:22  Zealot x5  
  121  11:23  Zealot  
  132  11:42  Robotics Facility  
  132  11:43  Disruptor (Chrono Boost)  
  135  11:50  Zealot  
  133  11:59  Zealot x4  
  91  12:16  Stalker x4  
  91  12:19  Stalker x2  
Tags
 
Add a new tag
Caveats
  • Supply blocks, unpowered buildings, or Contaminate may cause inaccurate times.
  • Supply counts are checked every 10 seconds.